 Dungeon Crawl Stone Soup version 0.31.0-32-g396128a36d (webtiles) character file.

Game seed: 15406203420405096750

74 krest9999 the Shooter (level 4, -2/26 HPs)
             Began as a Deep Elf Hunter on Apr 9, 2024.
             Was a Follower of the Shining One.
             Slain by a gnoll
             ... wielding a +0 club
              (4 damage)
             ... on level 2 of the Dungeon.
             The game lasted 00:01:59 (798 turns).

krest9999 the Shooter (Deep Elf Hunter)              Turns: 798, Time: 00:02:02

Health: -2/26      AC:  3    Str:  8    XL:     4   Next: 9%
Magic:  6/6        EV: 18    Int: 14    God:    the Shining One [*.....]
Gold:   71         SH:  0    Dex: 20    Spells: 3/3 levels left

rFire   . . .        a - +0 shortbow
rCold   . . .        (shield currently unavailable)
rNeg    . . .        c - +0 leather armour
rPois   .            (no helmet)
rElec   .            (no cloak)
rCorr   .            (no gloves)
SInv    .            (no boots)
Will    .....        (no amulet)
Stlth   +            j - +5 ring of evasion
HPRegen 0.24/turn    (no ring)
MPRegen 0.10/turn

%: no passive effects
@: glowing
A: no striking features
a: Renounce Religion, Divine Shield


You were on level 2 of the Dungeon.
You worshipped the Shining One.
The Shining One was aware of your devotion.
You visited 1 branch of the dungeon, and saw 2 of its levels.

You collected 71 gold pieces.

Inventory:

Hand Weapons
 a - a +0 shortbow (weapon)
Armour
 c - a +0 leather armour (worn)
Jewellery
 e - a +6 ring of intelligence
 j - a +5 ring of evasion (left hand)
Scrolls
 b - a scroll of butterflies
 f - a scroll of identify {unknown}
 h - a scroll of teleportation {unknown}
 i - a scroll of brand weapon {unknown}
Potions
 d - a potion of cancellation {unknown}
 g - a potion of might {unknown}


   Skills:
 * Level 2.1 Fighting
 + Level 6.7 Ranged Weapons
 * Level 3.1 Dodging
 - Level 1.2 Stealth


You had 3 spell levels left.
You didn't know any spells.
Your spell library contained the following spells:

 Spells                   Type           Power      Damage    Failure   Level
 Tukima's Dance           Hex            0%         N/A       77%         3
 Passage of Golubria      Tloc           0%         N/A       99%         4
 Yara's Violent Unravell  Hex/Alch       0%         3d3       100%        5


Dungeon Overview and Level Annotations

Branches:
Dungeon (2/15)

Altars:
The Shining One


Message History

You shoot an arrow. The arrow closely misses the gnoll.
You shoot an arrow.
The arrow hits the gnoll but does no damage.
The gnoll is almost dead.
A gnoll comes into view. It is wielding a +0 halberd.
You shoot an arrow. The gnoll shouts!
The arrow hits the gnoll.
The gnoll is almost dead.
The gnoll misses you.
You shoot an arrow. The arrow hits the gnoll.
You kill the gnoll!
You have reached level 4!
You feel clever.
You shoot an arrow. The arrow hits the gnoll.
The gnoll is moderately wounded.
The gnoll barely misses you.
You shoot an arrow. The arrow hits the gnoll.
The gnoll is heavily wounded.
The gnoll closely misses you.
You shoot an arrow. The arrow hits the gnoll.
The gnoll is heavily wounded.
The gnoll misses you. x2
You shoot an arrow.
The arrow hits the gnoll but does no damage.
The gnoll is heavily wounded.
The gnoll hits you with a +0 club. The gnoll closely misses you.
You shoot an arrow. The arrow hits the gnoll.
The gnoll is severely wounded.
The gnoll hits you with a +0 club. The gnoll completely misses you.
The gnoll hits you with a +0 club.
You shoot an arrow. The arrow barely misses the gnoll. x2
The gnoll misses you. The gnoll completely misses you.
You shoot an arrow. The arrow hits the gnoll.
The gnoll is almost dead.
The gnoll hits you from afar with a +0 halberd!
Ouch! That really hurt!
* * * LOW HITPOINT WARNING * * *
The gnoll hits you with a +0 club.
You die...

##...## #.....###
#####
##...##.#######...#
............>.....#
###.###.#######...#
#.# ##########.##
#+# #.......#
#.#####.# # #@#
##.##g# #.$..g# .
+......).# .
##.#...#.# .
##..#.# ......#
###...## ##.#


You could see 2 gnolls.

Vanquished Creatures
  2 gnolls
  2 dart slugs (D:1)
  A ribbon worm (D:2)
  2 ball pythons
  3 bats (D:1)
  7 endoplasms
  2 giant cockroaches (D:1)
  3 hobgoblins
  4 jackals (D:1)
  3 quokkas
  4 frilled lizards
  4 goblins (D:1)
  A kobold (D:1)
  8 rats
46 creatures vanquished.

Notes
Turn   | Place    | Note
-------+----------+-------------------------------------------
     0 | D:1      | krest9999 the Deep Elf Hunter began the quest for the Orb.
     0 | D:1      | Reached XP level 1. HP: 12/12 MP: 3/3
   139 | D:1      | Reached XP level 2. HP: 13/17 MP: 4/4
   160 | D:1      | Reached skill level 6 in Ranged Weapons
   286 | D:1      | Reached XP level 3. HP: 21/21 MP: 5/5
   455 | D:1      | Found a faded altar of an unknown god.
   477 | D:1      | Prayed at the altar of an unknown god.
   477 | D:1      | Became a worshipper of the Shining One
   477 | D:1      | Reached * piety under the Shining One
   790 | D:2      | Reached XP level 4. HP: 26/26 MP: 6/6
   798 | D:2      | Slain by a gnoll

Illustrated notes

Levels and vault maps discovered:
D:1:      ldierk_walled_garden_2, layout_loops_cross,
          hellmonk_ecumenical_altar_arch_garden, serial_bayou_ford_a
D:2:      minmay_kobold_bridge, layout_loops_corners, minmay_fractal_squares_5

Skill      XL: |  1  2  3 |
---------------+----------+-----
Ranged Weapons | 6 |  6.7
Fighting       | 2 |  2.1
Dodging        | 3 |  3.1
Stealth        | |  1.2

Action                     |  1- 3 |  4- 6 || total
---------------------------+-------+-------++-------
   Fire: Shortbow          |   125 |     7 ||   132
 Armour: Leather armour    |    15 |     5 ||    20
  Dodge: Dodged            |    19 |     8 ||    27
